 Dungeon Crawl Stone Soup version 0.29.1-15-g9cfb28693d (webtiles) character file.

Game seed: 9238473140369614098

217 Descartes the Digger (level 5, -1/28 HPs)
             Began as a Gargoyle Earth Elementalist on Feb 22, 2023.
             Slain by a river rat (2 damage)
             ... in a sewer.
             The game lasted 00:07:10 (2282 turns).

Descartes the Digger (Gargoyle Earth Elementalist)  Turns: 2282, Time: 00:07:11

Health: -1/28      AC:  6    Str: 14    XL:     5   Next: 94%
Magic:  6/9        EV: 12    Int: 15    God:
Gold:   180        SH:  0    Dex: 10    Spells: 9/10 levels left

rFire   . . .      SeeInvis .   c - +2 sling (flame)
rCold   . . .      Faith    .   (no shield)
rNeg    + . .      Spirit   .   a - +0 robe
rPois   ∞          Reflect  .   (no helmet)
rElec   +          Harm     .   (no cloak)
rCorr   .          Rampage  .   (no gloves)
Will    .....                   (no boots)
Stlth   +.........              (no amulet)
HPRegen 0.09/turn               (no ring)
MPRegen 0.11/turn               (no ring)

@: very slightly contaminated, hasted, slow
A: sickness immunity, AC +4, negative energy resistance 1, electricity
resistance, torment resistance 1, petrification resistance
a: no special abilities


You were in a sewer.
You visited 1 branch of the dungeon, and saw 3 of its levels.
You also visited: Sewer.

You collected 180 gold pieces.

Inventory:

Hand Weapons
 c - a +2 sling of flaming (weapon)
 t - a +0 dagger of venom
Missiles
 d - 3 poisoned darts
Armour
 a - a +0 robe (worn)
 m - the +0 ring mail "Jowouj" {Harm Will- Dex+5 Stlth+}
   (You found it on level 2 of the Dungeon)

   Dex:       It affects your dexterity (+5).
   Harm:      It increases damage dealt and taken.
   Will:      It decreases your willpower.
   Stlth:     It makes you more stealthy.
Jewellery
 j - a ring of ice
Scrolls
 h - a scroll of enchant weapon {unknown}
 l - a scroll of enchant armour {unknown}
 o - a scroll of identify {unknown}
 p - a scroll of immolation
 u - a scroll of silence {unknown}
 v - a scroll of teleportation {unknown}
 w - a scroll of vulnerability {unknown}
Potions
 b - a potion of magic
 e - a potion of mutation {unknown}
 g - a potion of heal wounds {unknown}
 i - a potion of lignification {unknown}
 k - a potion of resistance {unknown}
 n - 5 potions of flight
 r - a potion of degeneration {unknown}
 s - a potion of curing {unknown}


   Skills:
 + Level 2.0 Ranged Weapons
 + Level 2.6 Dodging
 - Level 2.1 Stealth
 + Level 3.0 Spellcasting
 + Level 2.0 Transmutations
 + Level 4.8 Earth Magic


You had 9 spell levels left.
You knew the following spells:

 Your Spells              Type           Power      Damage    Failure   Level
a - Sandblast             Erth           32%        2d9       2%          1

Your spell library contained the following spells:

 Spells                   Type           Power      Damage    Failure   Level
 Passwall                 Tmut/Erth      10%        N/A       8%          2
 Stone Arrow              Conj/Erth      18%        3d8       22%         3
 Petrify                  Tmut/Erth      12%        N/A       43%         4


Dungeon Overview and Level Annotations

Branches:
Dungeon (3/15)              Sewer (1/1)

Altars:

Annotations:
D:3 Natasha


Innate Abilities, Weirdness & Mutations

You are immune to sickness and miasma.
Your stone body is resilient. (AC +4)
You are immune to poison.
You resist negative energy. (rN+)
You are resistant to electric shocks. (rElec)
You are resistant to unholy torment.
You are immune to petrification.


Message History

The river rat barely misses you. x2
The river rat attacks as you move away! The river rat bites you.
* * * LOW HITPOINT WARNING * * *
You enter the shallow water.
Moving in this stuff is going to be slow.
The river rat closely misses you.
Casting: Sandblast (safe; 2% risk of failure)
Confirm with . or Enter, or press ? or * to list all spells.
Aiming: Sandblast (safe; 2% risk of failure)
Press: ? - help, Shift-Dir - straight line, f/p - river rat
Aim: a river rat (lightly wounded, 80% to hit)
The blast of sand hits the river rat but does no damage.
The river rat is lightly wounded.
The river rat misses you.
The river rat bites you but does no damage.
Casting: Sandblast (safe; 2% risk of failure)
Confirm with . or Enter, or press ? or * to list all spells.
Aiming: Sandblast (safe; 2% risk of failure)
Press: ? - help, Shift-Dir - straight line, f/p - river rat
Aim: a river rat (lightly wounded, 80% to hit)
The blast of sand hits the river rat.
The river rat is lightly wounded.
The river rat bites you.
* * * LOW HITPOINT WARNING * * *
The river rat barely misses you.
The river rat bites you but does no damage.
Casting: Sandblast (safe; 2% risk of failure)
Confirm with . or Enter, or press ? or * to list all spells.
Aiming: Sandblast (safe; 2% risk of failure)
Press: ? - help, Shift-Dir - straight line, f/p - river rat
Aim: a river rat (lightly wounded, 80% to hit)
You miscast Sandblast.
You are very lightly contaminated with residual magic.
Nothing appears to happen.
The river rat bites you but does no damage.
The river rat barely misses you. The river rat bites you.
* * * LOW HITPOINT WARNING * * *
It was a potion of haste.
You feel yourself speed up. The river rat closely misses you.
The river rat bites you.
You die...

≈≈≈≈≈≈≈~~~~~~.~~.~†~~~~†~~.~
≈≈≈≈≈≈≈.≈≈≈≈≈≈≈≈≈≈≈≈≈≈≈≈≈≈≈≈
≈≈≈≈≈≈≈~≈~~.~~.~~~~~~~~~~~~~
#######~≈~##################
#~≈~# ###### #.≈~# ....#
#~≈~#####''#####+
#.~~~rr..........
#~~~~@rr.........
#~≈~#####++#####+ #.≈~#
#.≈~# #~≈~# #~≈~~ #.≈.≈≈
#~≈~~~†


You could see 4 river rats.

Vanquished Creatures
  Jessica (D:2)
  Natasha (D:3)
  7 adders
  2 river rats (Sewer)
  A worm (D:2)
  2 dart slugs
  An orc (D:3)
  4 bats
  4 endoplasms
  4 giant cockroaches
  9 goblins
  4 hobgoblins
  8 jackals
  7 quokkas
  6 ball pythons
  3 frilled lizards
  6 kobolds
  7 rats
77 creatures vanquished.

Notes
Turn   | Place    | Note
-------+----------+-------------------------------------------
     0 | D:1      | Descartes the Gargoyle Earth Elementalist began the quest
                  | for the Orb.
     0 | D:1      | Reached XP level 1. HP: 10/10 MP: 3/3
    97 | D:1      | Reached skill level 1 in Transmutations
   105 | D:1      | Reached XP level 2. HP: 15/15 MP: 3/5
   372 | D:1      | Reached skill level 4 in Earth Magic
   372 | D:1      | Reached XP level 3. HP: 19/19 MP: 4/6
  1020 | D:2      | Identified the +0 ring mail "Jowouj" {Harm Will- Dex+5
                  | Stlth+}
  1190 | D:2      | Reached skill level 1 in Ranged Weapons
  1315 | D:2      | Reached XP level 4. HP: 24/24 MP: 5/7
  1389 | D:2      | Noticed Jessica
  1392 | D:2      | Killed Jessica
  1411 | D:2      | Found a faded altar of an unknown god.
  1477 | D:2      | Reached XP level 5. HP: 27/28 MP: 4/9
  1797 | D:3      | Noticed Natasha
  1800 | D:3      | Killed Natasha
  1839 | D:3      | Noticed Natasha
  1882 | D:3      | Found a glowing drain.
  1933 | Sewer    | Entered a sewer
  2281 | Sewer    | HP: 1/28 [river rat (2)]
  2282 | Sewer    | Slain by a river rat

Illustrated notes

Levels and vault maps discovered:
D:1:      dpeg_arrival_solitude, layout_basic, nicolae_kite_square_tiling_tiny,
          minmay_tree_intersection
D:2:      layout_loops_ring, ebering_ecumenical_altar_mist, uniq_jessica
D:3:      layout_loops_cross, okawaru_trees_2, nicolae_yredelemnul_ghost_church,
          gammafunk_ghost_abyssal_escape, gup_sewer_entry_glass,
          grunt_ministairs_3, patterned_corridor, uniq_natasha
Sewer:    sewer_fruit_machine

Skill      XL: |  1  2  3  4  5 |
---------------+----------------+-----
Transmutations | 1 2 |  2.0
Earth Magic    | 4 |  4.8
Dodging        | 2 |  2.6
Ranged Weapons | 1 2 |  2.0
Spellcasting   | 3 |  3.0
Stealth        | |  2.1

Action                   |  1- 3 |  4- 6 || total
-------------------------+-------+-------++-------
 Fire: Sling             |    43 |    47 ||    90
 Cast: Sandblast         |    29 |    43 ||    72
  Use: Scroll            |       |     2 ||     2
       Potion            |       |     1 ||     1
Armor: Robe              |     7 |    20 ||    27
Dodge: Dodged            |       |    42 ||    42
